 Dungeon Crawl Stone Soup version 0.25.0-10-g039870ee82 (webtiles) character file.

Game seed: 16928819429096848740

7 DeadF the Vexing (level 1, 0/7 HPs)
             Began as a Felid Enchanter on June 22, 2020.
             Slain by a bat (1 damage)
             ... on level 1 of the Dungeon.
             The game lasted 00:00:26 (81 turns).

DeadF the Vexing (Felid Enchanter)                    Turns: 81, Time: 00:00:26

Health: 0/7        AC:  1    Str:  4    XL:     1   Next: 83%
Magic:  4/4        EV: 18    Int: 16    God:
Gold:   11         SH:  0    Dex: 16    Spells: 3/4 levels left
                                        Lives:  0   Deaths: 0

rFire    . . .     SeeInvis +     - Unarmed
rCold    . . .     Gourm    .   (shield unavailable)
rNeg     . . .     Faith    .   (armour unavailable)
rPois    .         Spirit   .   (helmet unavailable)
rElec    .         Reflect  .   (cloak unavailable)
rCorr    .         Harm     .   (gloves unavailable)
MR       .....                  (boots unavailable)
Stlth    +++.......             (no amulet)
HPRegen  0.02/turn              (no ring)
MPRegen  0.09/turn              (no ring)

@: quick
A: very small, no armour, no weapons or thrown items, stealth, claws 1, fangs 3,
see invisible, carnivore, speed 1, shaggy fur 1, slow metabolism 1, sharp paws
a: no special abilities


You were on level 1 of the Dungeon.
You were not hungry.

You visited 1 branch of the dungeon, and saw 1 of its levels.

You collected 11 gold pieces.

Inventory:

Comestibles
 b - a ration


   Skills:
 + Level 3.1 Dodging
 + Level 4.4 Stealth
 - Level 1.0 Unarmed Combat
 - Level 2.0 Spellcasting
 - Level 4.4 Hexes


You had 3 spell levels left.
You knew the following spells:

 Your Spells              Type           Power        Failure   Level  Hunger
a - Corona                Hex            ###....      3%          1    #......

Your spell library contained the following spells:

 Spells                   Type           Power        Failure   Level  Hunger
 Confusing Touch          Hex            ###.....     11%         3    ###....
 Tukima's Dance           Hex            ###.....     11%         3    ###....
 Ensorcelled Hibernation  Hex/Ice        #.....       13%         2    ###....
 Dazzling Flash           Conj/Hex       #.....       26%         3    ###....


Dungeon Overview and Level Annotations

Branches:
Dungeon (1/15)

Altars:


Innate Abilities, Weirdness & Mutations

You cannot wear armour.
You are incapable of wielding weapons or throwing items.
Your paws allow you to move quietly. (Stealth)
You have sharp claws.
You have razor-sharp teeth.
You have supernaturally acute eyesight. (SInv)
You are carnivorous and can eat meat at any time.
You cover ground quickly.
You are covered in fur. (AC +1)
You have a slow metabolism.
Your sharp claws are effective at attacking unaware monsters.


Message History

The bat misses you. The bat barely misses you. x2
The giant cockroach waves its antennae.
The giant cockroach misses you. The bat closely misses you.
The bat barely misses you. The bat closely misses you. The bat misses you.
The bat completely misses you. The giant cockroach closely misses you.
The bat misses you. The bat hits you but does no damage.
The bat closely misses you. The bat completely misses you. The bat misses you.
The bat completely misses you. The bat misses you.
The bat completely misses you. The bat hits you.
* * * LOW HITPOINT WARNING * * *
The bat misses you. x3
The bat misses you. The bat hits you.
* * * LOW HITPOINT WARNING * * *
The bat misses you. The bat closely misses you. The bat misses you. x2
The bat barely misses you. The bat hits you.
You die...

###### ###### .>...## ..
...... ......## ..# ......
... .......##.# #...!. ...
..........# #..... ..
.#......### #..# .# ...
.#.....#####..###.####.#
.#.......#)..##.@.##...
.##...##..†####b####.#
..#...........#b###..########
..#...........b.##.†..!.....#
..##?..#.....##.s...........#
...#.........##.............#
<..#.........#..##..........#
...#....##.###..##..........#
..##.#...#......#...........#


You could see 3 bats.

Vanquished Creatures
  A leopard gecko (D:1)
  A hobgoblin (D:1)
  2 jackals (D:1)
  A frilled lizard (D:1)
5 creatures vanquished.

Notes
Turn   | Place    | Note
-------+----------+-------------------------------------------
     0 | D:1      | DeadF the Felid Enchanter began the quest for the Orb.
     0 | D:1      | Reached XP level 1. HP: 7/7 MP: 4/4
    81 | D:1      | Slain by a bat

Illustrated notes

Levels and vault maps discovered:
D:1:      dpeg_arrival_rhombus, layout_rooms

Skill      XL: |  1 |
---------------+----+-----
Dodging        | 3 |  3.1
Stealth        | |  4.4
Unarmed Combat | |  1.0
Spellcasting   | |  2.0
Hexes          | |  4.4

Action                   || total
-------------------------++-------
Melee: Unarmed           ||    28
       Bite              ||     2
 Stab: Sleeping          ||     2
Armor: Skin              ||     4
Dodge: Dodged            ||    84
